 Dungeon Sprint DCSS version 0.18-a0-1303-g41c131c (webtiles) character file.

632 nuthulu the Covert (level 7, -1/42 HPs)
             Began as a Vine Stalker Monk on Feb 12, 2016.
             Was a Believer of Okawaru.
             Succumbed to Sonja's curare-tipped needle
             ... in the Dungeon (Sprint I: "Red Sonja").
             The game lasted 00:01:49 (319 turns).

nuthulu the Covert (Vine Stalker Monk)               Turns: 319, Time: 00:01:50

Health: -1/42      AC:  6    Str: 15    XL:     7   Next: 49%
Magic:  1/8        EV: 21    Int: 10    God:    Okawaru [**....]
Gold:   171        SH:  0    Dex: 17    Spells: 0 memorised, 6 levels left

rFire  . . .     SeeInvis .       - Unarmed
rCold  + . .     Gourm    .     g - +2 robe {rC+}
rNeg   . . .     Faith    .     (no shield)
rPois  .         Spirit   +     (no helmet)
rElec  .         Dismiss  .     e - +0 cloak
rCorr  .         Reflect  .     (no gloves)
SustAt .         Harm     .     k - +0 pair of boots
MR     .....     NoTele   +     (no amulet)
Stlth  ++++++....               (no ring)
                                (no ring)

@: lethally poisoned (-1 -> -5), heroism, slowed, very slow, not resistant to
hostile enchantments, very stealthy
A: fangs 2, regeneration 2, magic shield, antimagic bite, no device heal 3, rot
immunity
a: Heroism, Renounce Religion


You were in the Dungeon.
You worshipped Okawaru.
Okawaru was pleased with you.
You were not hungry.

You visited 1 branch You collected 297 gold pieces.
You spent 126 gold pieces at shops.

Inventory:

Armour
 a - a +0 robe
 e - a +0 cloak (worn)
 g - a +2 robe of cold resistance (worn)
 k - a +0 pair of boots (worn)
Scrolls
 h - a scroll of blinking
Potions
 d - a potion of heal wounds
 f - 2 potions of magic
 j - a potion of degeneration {unknown}
Comestibles
 b - a bread ration
 i - 5 chunks of flesh


   Skills:
 + Level 7.7(12.7) Fighting
 + Level 7.1(12.1) Dodging
 + Level 10.4(15.4) Stealth
 + Level 9.0(14.0) Unarmed Combat


You had 6 spell levels left.
You didn't know any spells.

Dungeon Overview and Level Annotations

Branches:
Dungeon (1/1)

Altars:
Cheibriados
Dithmenos
Elyvilon
Fedhas
Gozag
Kikubaaqudgha
Makhleb
Nemelex Xobeh
Okawaru
Pakellas
Qazlal
Ru
Sif Muna
Trog
Vehumet
Xom
Yredelemnul
Zin
The Shining One
Jiyva

Shops:
D [

Annotations:
D Sonja


Innate Abilities, Weirdness & Mutations

You have extremely sharp teeth.
You heal very quickly.
When hurt, damage is shared between your health and your magic reserves.
Your bite disrupts and absorbs the magic of your enemies.
Potions and wands cannot restore your health.
You are immune to rotting.


Message History

Unknown command.
Drink which item? (? for menu, Esc to quit)
You feel better.
Sonja shoots a curare-tipped needle.
The curare-tipped needle hits you.
You are poisoned.
You have difficulty breathing.
* * * LOW HITPOINT WARNING * * *
You feel as though you will be slow longer.
Sonja gestures wildly while chanting.
Sonja blinks!
* * * LOW HITPOINT WARNING * * *
You feel sick.
Sonja unwields an uncursed blowgun.
Sonja wields an uncursed dagger of distortion.
Its appearance distorts for a moment.
Sonja completely misses you.
Sonja misses you. x2; Sonja closely misses you.
Sonja hits you but does no damage. x2; You feel a strange sense of stasis.
Some of the chunks of flesh in your inventory have rotted away.
There is an open door here.
You barely miss Sonja. Your bite misses Sonja.
You die...

###################
#<.#..'..#.)'..#__#
#..'..#.)'..#..'..+
#..#####'#####'#__#
#..####..#...#.####
#..#__####..##|#
#..#_.___##@#..+
#⌠⌠#_.∩...'(K._#
####_..._##_(#'#
#_____###(#)#
####### #.### $.$
#$.$# ##.## #+#


You could see Sonja.

Vanquished Creatures
  A slime creature (D)
  Sigmund (D)
  A yak (D)
  An ogre (D)
  A jelly (D)
  Ijyb (D)
6 creatures vanquished.

Notes
Turn   | Place    | Note
--------------------------------------------------------------
     0 | D        | nuthulu the Vine Stalker Monk began the quest for the Orb.
     0 | D        | Reached XP level 1. HP: 11/11 MP: 2/2
     1 | D        | Noticed Ijyb
    16 | D        | Killed Ijyb
    16 | D        | Reached skill level 5 in Unarmed Combat
    16 | D        | Reached XP level 2. HP: 7/17 MP: 1/3
    16 | D        | Reached XP level 3. HP: 8/21 MP: 1/4
    64 | D        | Noticed an ogre
    73 | D        | Killed an ogre
    73 | D        | Reached skill level 6 in Stealth
    73 | D        | Reached XP level 4. HP: 24/26 MP: 5/5
    88 | D        | Noticed Sigmund
    95 | D        | Killed Sigmund
    95 | D        | Reached skill level 5 in Dodging
    95 | D        | Reached skill level 8 in Stealth
    95 | D        | Reached XP level 5. HP: 32/32 MP: 6/6
    95 | D        | Gained mutation: You heal very quickly. [Vine Stalker growth]
    95 | D        | Reached XP level 6. HP: 37/37 MP: 7/7
   146 | D        | Found a deep blue altar of Sif Muna.
   148 | D        | Found a radiant altar of Vehumet.
   172 | D        | Found Qytox's Armour Emporium.
   172 | D        | Found a white marble altar of Elyvilon.
   172 | D        | Found a stormy altar of Qazlal.
   172 | D        | Found a burning altar of Makhleb.
   172 | D        | Found a sacrificial altar of Ru.
   172 | D        | Found an oddly glowing altar of Pakellas.
   172 | D        | Found a basalt altar of Yredelemnul.
   172 | D        | Found a glowing golden altar of the Shining One.
   172 | D        | Found a sparkling altar of Nemelex Xobeh.
   172 | D        | Found a shimmering altar of Xom.
   172 | D        | Found an opulent altar of Gozag.
   172 | D        | Found an ancient bone altar of Kikubaaqudgha.
   172 | D        | Found a glowing silver altar of Zin.
   172 | D        | Noticed a yak
   173 | D        | Found an iron altar of Okawaru.
   194 | D        | Killed a yak
   194 | D        | Reached skill level 9 in Stealth
   194 | D        | Reached XP level 7. HP: 7/42 MP: 1/8
   240 | D        | Found a bloodstained altar of Trog.
   244 | D        | Bought a +0 cloak for 63 gold pieces
   244 | D        | Bought a +0 pair of boots for 63 gold pieces
   271 | D        | Became a worshipper of Warmaster Okawaru
   271 | D        | Reached * piety under Okawaru
   271 | D        | Reached ** piety under Okawaru
   286 | D        | Found a viscous altar of Jiyva.
   286 | D        | Found a blossoming altar of Fedhas.
   286 | D        | Noticed a slime creature
   287 | D        | Found a snail-covered altar of Cheibriados.
   287 | D        | Found a shadowy altar of Dithmenos.
   293 | D        | Killed a slime creature
   293 | D        | Reached skill level 10 in Stealth
   311 | D        | Noticed Sonja
   317 | D        | HP: 2/42 [asphyx]
   319 | D        | Succumbed to Sonja's curare-tipped needle

Vault maps used:
D:        dungeon_sprint_1

Action                   |  1- 3 |  4- 6 |  7- 9 || total
-------------------------+-------+-------+-------++-------
Melee: Unarmed           |    20 |    22 |     5 ||    47
Invok: Heroism           |       |       |     2 ||     2
  Use: Potion            |       |     2 |     1 ||     3
 Stab: Sleeping          |       |     1 |     1 ||     2
